 Dungeon Crawl Stone Soup version 0.30-a0-1112-gfb780f5df6 (webtiles) character file.

Game seed: 18343661591635767761

54 mandoloar the Chiller (level 3, -2/23 HPs)
             Began as an Octopode Ice Elementalist on Apr 19, 2023.
             Slain by a goblin
             ... wielding a +0 dagger
             ... led by Robin
              (5 damage)
             ... on level 2 of the Dungeon.
             The game lasted 00:06:12 (3356 turns).

mandoloar the Chiller (Octopode Ice Elementalist)   Turns: 3356, Time: 00:06:13

Health: -2/23      AC:  1    Str:  7    XL:     3   Next: 91%
Magic:  12/15      EV: 13    Int: 19    God:
Gold:   48         SH:  3    Dex: 12    Spells: 2/6 levels left

rFire   . . .      SeeInvis .    a - +0 sling
rCold   . . .      Faith    .    g - +0 buckler
rNeg    . . .      Spirit   .    (helmet restricted)
rPois   .          Reflect  .    (no amulet)
rElec   .          Rampage  .    h - ring of magical power
rCorr   .                        (no ring)
Will    .....                    (no ring)
Stlth   +++                      (no ring)
HPRegen 0.23/turn                (no ring)
MPRegen 0.14/turn                (no ring)
                                 (no ring)
                                 (no ring)

@: very slightly contaminated
A: almost no armour, amphibious, 8 rings, camouflage 1, gelatinous body 1,
(nimble swimmer 1), tentacles
a: no special abilities


You were on level 2 of the Dungeon.
You visited 1 branch of the dungeon, and saw 3 of its levels.

You collected 48 gold pieces.

Inventory:

Hand Weapons
 a - a +0 sling (weapon)
 b - a +0 flail
Missiles
 f - 31 stones
Armour
 g - a +0 buckler (worn)
Jewellery
 h - a ring of magical power (left tentacle)
Wands
 k - a wand of roots (5)
Scrolls
 d - a scroll of enchant weapon {unknown}
 j - a scroll of identify
Potions
 c - a potion of ambrosia {unknown}
 e - a potion of mutation {unknown}
 i - a potion of magic
 l - a potion of might {unknown}
 m - a potion of haste {unknown}


   Skills:
 + Level 1.2 Fighting
 + Level 2.5 Dodging
 + Level 3.4 Stealth
 + Level 0.2 Shields
 + Level 2.3 Spellcasting
 + Level 4.3 Ice Magic


You had 2 spell levels left.
You knew the following spells:

 Your Spells              Type           Power      Damage    Failure   Level
a - Freeze                Ice            72%        1d8       3%          1
b - Frozen Ramparts       Ice            36%        1d6       12%         3

Your spell library contained the following spells:

 Spells                   Type           Power      Damage    Failure   Level
 Ozocubu's Armour         Ice            18%        N/A       12%         3
 Summon Ice Beast         Ice/Summ       10%        N/A       67%         4


Dungeon Overview and Level Annotations

Branches:
Dungeon (3/15)

Altars:

Annotations:
D:3 Robin


Innate Abilities, Weirdness & Mutations

You cannot wear most types of armour.
You are amphibious.
You can wear up to eight rings at the same time.
Your skin changes colour to match your surroundings (Stealth+).
Your rubbery body absorbs attacks. (AC +1, EV +1)
((You are camouflaged when in or above water. (Stealth+)))
You have tentacles for arms and can constrict up to eight enemies at once.


Message History

You kill the goblin!
You start resting.
The frozen ramparts melt away.
You start resting.
Magic restored.
You start resting.
HP restored.
You start waiting.
Done waiting.
You see here a +0 ring mail.
You see here a +0 club.
There is a stone staircase leading down here.
You climb downwards.
Level annotation: Robin Robin roars a battlecry!
The goblins go into a battle-frenzy!
The goblin shoots a sling bullet.
The sling bullet hits you.
Robin zaps a wand.
The roots erupt in riotous growth!
The goblin is unaffected.
Robin is unaffected.
The hobgoblin is unaffected.
The grasping roots grab you!
The goblin is unaffected.
The grasping roots constrict you. The goblin closely misses you.
The goblin hits you with a +0 dagger.
There is a stone staircase leading up, spattered with blood here.
You escape the roots grasp.
The goblin closely misses you. x2
The hobgoblin closely misses you.
You climb upwards.
There is a stone staircase leading down here.
Casting: Freeze (safe; 3% risk of failure)
Confirm with . or Enter, or press ? or * to list all spells.
Casting: Frozen Ramparts (quite dangerous; 12% risk of failure)
Press: ? - help, Dir - look around, f - activate A stone staircase leading down.
You miscast Frozen Ramparts.
You are very lightly contaminated with residual magic.
Nothing appears to happen.
The hobgoblin hits you!
* * * LOW HITPOINT WARNING * * *
The goblin hits you with a +0 dagger.
* * * LOW HITPOINT WARNING * * *
The goblin hits you with a +0 dagger.
You die...

#.....# ####........
#.....####...........
###.###..........####
#..##.##....<#.#...
##....####...#.#.##
#...........#.#.#.
##..##########.#.##
#....# #.#.## #.@g.#
#.#... #gg..# #.####
###### #..... ######


You could see a hobgoblin (strong) and 2 goblins.

Vanquished Creatures
  A gnoll (D:1)
  2 dart slugs (D:1)
  6 ball pythons
  A bat (D:1)
  5 endoplasms
  A giant cockroach (D:2)
  7 goblins
  5 hobgoblins
  2 quokkas
  A frilled lizard (D:1)
  2 kobolds (D:1)
  3 rats (D:1)
36 creatures vanquished.

Vanquished Creatures (others)
  3 plants (D:2)
  2 withered plants (D:2)
5 creatures vanquished.

Grand Total: 41 creatures vanquished

Notes
Turn   | Place    | Note
-------+----------+-------------------------------------------
     0 | D:1      | mandoloar the Octopode Ice Elementalist began the quest for
                  | the Orb.
     0 | D:1      | Reached XP level 1. HP: 11/11 MP: 3/3
   433 | D:1      | Reached XP level 2. HP: 17/18 MP: 5/5
   736 | D:1      | Reached skill level 1 in Fighting
   736 | D:1      | Reached XP level 3. HP: 23/23 MP: 3/6
   768 | D:1      | Learned a level 3 spell: Frozen Ramparts
  2170 | D:2      | Found a faded altar of an unknown god.
  2961 | D:3      | Noticed Robin
  3356 | D:2      | Slain by a goblin

Illustrated notes

Levels and vault maps discovered:
D:1:      minmay_arrival_jagged, layout_basic
D:2:      layout_basic, shapermc_ecumenical_altar_flowoftime
D:3:      layout_rooms, mainiacjoe_overflow_cross_hatched, uniq_jessica,
          uniq_robin

Skill      XL: |  1  2 |
---------------+-------+-----
Stealth        | 3 |  3.4
Fighting       | 1 |  1.2
Dodging        | |  2.5
Shields        | |  0.2
Spellcasting   | |  2.3
Ice Magic      | |  4.3

Action                     || total
---------------------------++-------
  Melee: Dagger            ||    23
         Constrict         ||     8
         Tentacles         ||     4
         Unarmed           ||     1
   Fire: Sling             ||    24
  Throw: Stone             ||     1
   Cast: Freeze            ||    18
         Frozen Ramparts   ||    10
    Use: Scroll            ||     3
   Stab: Sleeping          ||     7
 Armour: Skin              ||     3
  Dodge: Dodged            ||    27
  Block: Buckler           ||     2

Table legend: (Time is in decaauts)
 A = Elapsed time spent in this place.
 B = Non-inter-level travel time spent in this place.
 C = Inter-level travel time spent in this place.
 D = Time resting spent in this place.
 E = Time spent auto-exploring this place.
 F = Levels seen in this place.
 G = Mean time per level.
                   A        B        C        D        E       F      G
               +--------+--------+--------+--------+--------+-----+--------+
         Total |   3367 |   3000 |    367 |   1476 |   1181 |   3 | 1122.3 |
       Dungeon |   3367 |   3000 |    367 |   1476 |   1181 |   3 | 1122.3 |
               +--------+--------+--------+--------+--------+-----+--------+

Top non-repeatable levels by time:
     D:1: 1865 daAuts
     D:2: 1487 daAuts
     D:3: 15 daAuts
